 Dungeon Crawl Stone Soup version 0.31.0-11-ge490571c62 (webtiles) character file.

Game seed: 4600626419392268153

29 Gadfly the Insei (level 3, 29/29 HPs)
             Began as a Demonspawn Monk on Feb 2, 2024.
             Quit the game on level 1 of the Dungeon.
             The game lasted 00:00:44 (491 turns).

Gadfly the Insei (Demonspawn Monk)                   Turns: 491, Time: 00:00:45

Health: 29/29      AC:  2    Str: 13    XL:     3   Next: 1%
Magic:  3/3        EV: 13    Int: 10    God:
Gold:   18         SH:  0    Dex: 15    Spells: 2/2 levels left

rFire   . .          .
                       - Unarmed
rCold   . . .        c - orb {light}
rNeg    . . .        a - +0 robe
rPois   .            (helmet restricted)
rElec   .            (no cloak)
rCorr   .            (no gloves)
SInv    .            (no boots)
Will    .....        i - amulet of regeneration
Stlth   +            (no ring)
HPRegen 1.04/turn    (no ring)
MPRegen 0.16/turn

%: no passive effects
@: glowing
A: antennae 1, magic regeneration
a: no special abilities


You were on level 1 of the Dungeon.
You visited 1 branch of the dungeon, and saw 1 of its levels.

You collected 18 gold pieces.

Inventory:

Armour
 a - a +0 robe (worn)
 c - an orb of light (worn)
Jewellery
 i - an amulet of regeneration (around neck)
Scrolls
 f - a scroll of identify {unknown}
 h - a scroll of teleportation {unknown}
 k - a scroll of noise {unknown}
Potions
 b - a potion of ambrosia
 d - 3 potions of heal wounds {unknown}
 e - 2 potions of berserk rage {unknown}
 g - a potion of lignification {unknown}
 j - a potion of enlightenment {unknown}


   Skills:
 - Level 3.0 Fighting
 + Level 2.8 Dodging
 * Level 3.1 Unarmed Combat
 * Level 1.1 Evocations
 * Level 1.0 Shapeshifting


You had 2 spell levels left.
You didn't know any spells.
Your spell library was empty.

Dungeon Overview and Level Annotations

Branches:
Dungeon (1/15)

Altars:

Shops:
D:1 *


Innate Abilities, Weirdness & Mutations

You have a pair of small antennae on your head.
You regenerate magic rapidly.


Message History

You enter the shallow water.
Moving in this stuff is going to be slow.
You enter the shallow water.
Moving in this stuff is going to be slow.
A goblin, a kobold and an endoplasm come into view.
The kobold shouts!
The endoplasm quivers.
The goblin moves out of view.
There are monsters nearby!
You see here a cyan potion.
The goblin barely misses you.
You hit the goblin.
You kill the goblin!
The kobold throws a stone.
The stone misses you.
You hit the endoplasm.
The endoplasm is severely wounded.
The endoplasm freezes you.
You are frozen.
You hit the endoplasm but do no damage.
The endoplasm is severely wounded.
The kobold hits you but does no damage. The endoplasm freezes you.
You are frozen.
You hit the endoplasm.
You kill the endoplasm!
The kobold hits you with a +0 short sword.
Your Shapeshifting skill increases to level 1!
You barely miss the kobold. The kobold misses you.
You hit the kobold.
The kobold is moderately wounded.
You hit the kobold.
You kill the kobold!
You have reached level 3!
Your experience leads to an increase in your attributes!
Increase (S)trength, (I)ntelligence, or (D)exterity?
You feel stronger. x2; Your demonic ancestry asserts itself...
Your magic begins to regenerate rapidly.
j - a cyan potion
k - a scroll labelled VORIGE CAUCW Are you sure you want to abandon this character and quit the game? (Confirm with "yes".)

#..# ########.##
รท..#### ##..######
......# #........#
......# #........#
......# #........#
......# #........#
......########))......#
.............#........#
..##########....@.....#
..# ###........# ..#
#........# ..#
#..####### .## .... ##
.....# # ......#
#......#


There were no monsters in sight!

Vanquished Creatures
  A dart slug (D:1)
  A ball python (D:1)
  2 endoplasms (D:1)
  A giant cockroach (D:1)
  5 goblins (D:1)
  3 jackals (D:1)
  2 kobolds (D:1)
  6 bats (D:1)
  A frilled lizard (D:1)
  2 rats (D:1)
24 creatures vanquished.

Notes
Turn   | Place    | Note
-------+----------+-------------------------------------------
     0 | D:1      | Gadfly the Demonspawn Monk began the quest for the Orb.
     0 | D:1      | Reached XP level 1. HP: 18/18 MP: 1/1
   126 | D:1      | Gained mutation: You have a pair of small antennae on your
                  | head. [demonic ancestry]
   126 | D:1      | Reached XP level 2. HP: 19/24 MP: 2/2
   257 | D:1      | Found Ozuomuun's General Store.
   332 | D:1      | Reached skill level 1 in Evocations
   478 | D:1      | Reached skill level 1 in Shapeshifting
   481 | D:1      | Gained mutation: You regenerate magic rapidly. [demonic
                  | ancestry]
   481 | D:1      | Reached XP level 3. HP: 25/29 MP: 3/3
   491 | D:1      | Quit the game

Illustrated notes

Levels and vault maps discovered:
D:1:      ebering_trefoil_twist, layout_rooms, serial_shops,
          nicolae_shop_statue_plus

Skill      XL: |  1  2 |
---------------+-------+-----
Unarmed Combat | 3 |  3.1
Evocations     | 1 |  1.1
Shapeshifting  | 1 |  1.0
Fighting       | |  3.0
Dodging        | |  2.8

Action                     || total
---------------------------++-------
  Melee: Unarmed           ||    69
 Armour: Robe              ||    30
  Dodge: Dodged            ||    55
